 Dungeon Crawl Stone Soup version 0.23-a0-586-gacb4b3f (webtiles) character file.

321 MalarOregon the Chiller (level 6, 0/47 HPs)
             Began as a Merfolk Ice Elementalist on Dec 19, 2018.
             Slain by a centaur zombie (6 damage)
             ... in an ossuary.
             The game lasted 00:09:13 (3685 turns).

MalarOregon the Chiller (Merfolk Ice Elementalist)  Turns: 3685, Time: 00:09:14

Health: 0/47       AC:  4    Str:  9    XL:     6   Next: 46%
Magic:  3/11       EV: 13    Int: 16    God:
Gold:   274        SH:  0    Dex: 14    Spells: 4/12 levels left

rFire    x . .     SeeInvis .   u - +0 lajatang
rCold    + . .     Gourm    .   (shield currently unavailable)
rNeg     . . .     Faith    .   a - +0 robe
rPois    .         Spirit   .   (no helmet)
rElec    .         Reflect  .   t - +0 cloak
rCorr    .         Harm     .   c - +0 pair of gloves
MR       .....                  (no boots)
Stlth    ++........             (no amulet)
HPRegen  0.15/turn              s - ring of ice
MPRegen  0.12/turn              (no ring)

@: marked, hasted, very quick
A: change form in water, swift swim, stealthy swim
a: no special abilities


You were in an ossuary.
You were very hungry.

You visited 1 branch of the dungeon, and saw 4 of its levels.
You also visited: Ossuary.

You collected 274 gold pieces.

Inventory:

Hand Weapons
 u - a +0 lajatang (weapon)
   (You found it on level 3 of the Dungeon)
Armour
 a - a +0 robe (worn)
 c - a +0 pair of gloves (worn)
   (You found it on level 1 of the Dungeon)
 t - a +0 cloak (worn)
   (You found it on level 3 of the Dungeon)
Jewellery
 s - a ring of ice (left hand)
   (You found it on level 2 of the Dungeon)
Scrolls
 f - 3 scrolls of remove curse {unknown}
 g - 4 scrolls of teleportation {unknown}
 j - 2 scrolls of amnesia {unknown}
 k - a scroll of identify {@r1}
 l - a scroll of enchant weapon {unknown}
 m - a scroll of noise {unknown}
 n - a scroll of enchant armour {unknown}
 p - a scroll of blinking {unknown}
Potions
 b - 3 potions of flight
 h - a potion of brilliance
 i - 4 potions of curing {@q1}
Comestibles
 e - 8 rations {!d}


   Skills:
 + Level 3.3 Fighting
 - Level 2.6 Dodging
 - Level 2.1 Stealth
 + Level 3.5 Spellcasting
   Level 0.7 Conjurations
 - Level 1.1 Charms
 + Level 2.0 Summonings
 + Level 4.9 Ice Magic


You had 4 spell levels left.
You knew the following spells:

 Your Spells              Type           Power        Failure   Level  Hunger
a - Freeze                Ice            ####         2%          1    None
b - Ozocubu's Armour      Chrm/Ice       ###.....     16%         3    ###....
d - Summon Ice Beast      Ice/Summ       ###.....     38%         4    ####...

Your spell library contained the following spells:

 Spells                   Type           Power        Failure   Level  Hunger
 Throw Frost              Conj/Ice       ###...       9%          2    ##.....
 Throw Icicle             Conj/Ice       ###.....     50%         4    ####...


Dungeon Overview and Level Annotations

Branches:
Dungeon (4/15)
 Temple: D:4-7

Altars:


Message History

You slash the centaur zombie! The centaur zombie barely misses you.
The big kobold zombie misses you.
A mummy comes into view.
You hit the centaur zombie but do no damage.
The centaur zombie misses you. The kobold zombie barely misses you.
The hobgoblin zombie closely misses you.
The big kobold zombie barely misses you.
You hit the centaur zombie. The centaur zombie closely misses you.
The kobold zombie misses you. The hobgoblin zombie hits you.
The centaur zombie hits you.
You completely miss the centaur zombie.
The big kobold zombie closely misses you.
The centaur zombie hits you!
* * * LOW HITPOINT WARNING * * *
The kobold zombie barely misses you. The hobgoblin zombie barely misses you.
You barely miss the hobgoblin zombie. The centaur zombie barely misses you.
An orc zombie comes into view.
The big kobold zombie hits you.
* * * LOW HITPOINT WARNING * * *
You barely miss the hobgoblin zombie. The centaur zombie hits you.
* * * LOW HITPOINT WARNING * * *
The kobold zombie hits you but does no damage.
The hobgoblin zombie closely misses you.
The big kobold zombie barely misses you.
A human zombie comes into view.
The kobold zombie hits you.
* * * LOW HITPOINT WARNING * * *
The hobgoblin zombie completely misses you.
You feel a surge of power! A chill wind blows around you.
You are feeling very hungry.
The centaur zombie hits you.
* * * LOW HITPOINT WARNING * * *
The hobgoblin zombie hits you.
* * * LOW HITPOINT WARNING * * *
A kobold zombie comes into view.
The elf zombie barely misses your ice beast.
Your ice beast hits the elf zombie.
Your ice beast freezes the elf zombie.
The elf zombie completely resists.
The adder zombie bites your ice beast but does no damage.
You feel a surge of power! A chill wind blows around you.
The centaur zombie hits you but does no damage.
Your ice beast hits the adder zombie.
Your ice beast freezes the adder zombie.
The adder zombie resists.
The adder zombie misses your ice beast.
You hit the centaur zombie.
The hobgoblin zombie hits your ice beast.
Something hits your ice beast.
The adder zombie bites your ice beast but does no damage.
The centaur zombie hits you.
You die...

#...# #.. #...# #..
#...# #.. #...# #..
#...# #.... #..
#...# ##.... #..
#...# .... #.. #...#
#Z^# #.. #..@# #^.#
#.. #..Z# #.^# #..
#..Y######Z.######..
#...Z..ZM.M.........
#...YZ.Z.8Z.8.......
#....ZZZZ...........
#...................
####################


You could see an adder zombie, a hobgoblin zombie, a centaur zombie and 2
friendly ice beasts.

Vanquished Creatures
  A scorpion (D:3)
  A centaur zombie (Ossuary)
  2 orc wizards (D:3)
  A worker ant (D:4)
  6 adders
  2 adder skeletons (D:4)
  2 worms (D:2)
  3 dart slugs
  2 leopard geckos
  7 orcs
  5 giant cockroaches
  7 goblins
  4 hobgoblins
  3 jackals (D:3)
  2 quokkas
  A ball python (D:2)
  10 bats
  3 frilled lizards
  9 hobgoblin zombies (Ossuary)
  6 kobolds
  5 kobold zombies (Ossuary)
  7 orc zombies (Ossuary)
  7 rats
  A rat zombie (Ossuary)
97 creatures vanquished.

Notes
Turn   | Place    | Note
-------+----------+-------------------------------------------
     0 | D:1      | MalarOregon the Merfolk Ice Elementalist began the quest
                  | for the Orb.
     0 | D:1      | Reached XP level 1. HP: 13/13 MP: 3/3
   151 | D:1      | Reached XP level 2. HP: 14/20 MP: 0/5
   276 | D:1      | Reached skill level 1 in Fighting
   824 | D:2      | Reached XP level 3. HP: 26/26 MP: 4/6
  1785 | D:2      | Reached skill level 4 in Ice Magic
  1847 | D:2      | Reached XP level 4. HP: 33/33 MP: 4/8
  2126 | D:3      | Learned a level 3 spell: Ozocubu's Armour
  2131 | D:3      | Learned a level 4 spell: Summon Ice Beast
  2331 | D:3      | Reached XP level 5. HP: 39/39 MP: 3/9
  2335 | D:3      | Reached skill level 1 in Charms
  2335 | D:3      | Reached skill level 1 in Summonings
  3242 | D:4      | Reached XP level 6. HP: 32/47 MP: 4/11
  3284 | D:4      | Found a sand-covered staircase.
  3384 | Ossuary  | Entered an ossuary
  3685 | Ossuary  | Slain by a centaur zombie

Vault maps used:
D:1:      erik_arrival_triangle_small
D:2:      kennysheep_nondescript
D:4:      enter_ossuary_3, first_ration, serial_shops, kennysheep_mini
Ossuary:  ossuary_tomb_1

Skill      XL: |  1  2  3  4  5  6 |
---------------+-------------------+-----
Fighting       | 1 2 3 |  3.3
Ice Magic      | 4 |  4.9
Spellcasting   | 3 |  3.5
Charms         | 1 |  1.1
Summonings     | 1 2 |  2.0
Dodging        | |  2.6
Stealth        | |  2.1
Conjurations   | |  0.7

Action                   |  1- 3 |  4- 6 || total
-------------------------+-------+-------++-------
Melee: Club              |     4 |       ||     4
       Short sword       |    25 |     4 ||    29
       Lajatang          |       |    98 ||    98
 Cast: Freeze            |    71 |    65 ||   136
       Summon Ice Beast  |       |     2 ||     2
  Use: Potion            |       |     5 ||     5
       Scroll            |       |     4 ||     4
 Stab: Sleeping          |     1 |     3 ||     4
  Eat: Chunk             |     4 |     5 ||     9
Armor: Robe              |    13 |    54 ||    67
Dodge: Dodged            |    50 |   148 ||   198

Table legend:
 A = Non-vault XP
 B = Vault XP
 C = Vault XP percentage of total XP
 D = Non-vault monster count
 E = Vault monster count
 F = Vault count percentage of total count
                 A         B        C        D         E       F
            +---------+---------+-------+---------+---------+-------
      Total |     388 |      71 |  15.5 |      74 |      23 |  23.7
            +---------+---------+-------+---------+---------+-------
        D:1 |      33 |       0 |   0.0 |      17 |       0 |   0.0
        D:2 |      66 |       0 |   0.0 |      23 |       0 |   0.0
        D:3 |     213 |       0 |   0.0 |      27 |       0 |   0.0
        D:4 |      76 |       0 |   0.0 |       7 |       0 |   0.0
    Ossuary |       0 |      71 | 100.0 |       0 |      23 | 100.0
            +---------+---------+-------+---------+---------+-------
